 Dungeon Crawl Stone Soup version 0.31-a0-1376-g36f0627844 (webtiles) character file.

Game seed: 7040354009067510795

74 Bnni the Digger (level 4, -1/33 HPs)
             Began as a Formicid Earth Elementalist on Dec 24, 2023.
             Slain by an endoplasm (3 damage)
             ... on level 2 of the Dungeon.
             The game lasted 00:03:57 (1908 turns).

Bnni the Digger (Formicid Earth Elementalist)       Turns: 1908, Time: 00:03:58

Health: -1/33      AC:  2    Str: 12    XL:     4   Next: 54%
Magic:  8/8        EV: 12    Int: 17    God:
Gold:   128        SH:  0    Dex: 14    Spells: 7/8 levels left

rFire   . . .        e - +2 dagger (drain)
rCold   . . .        (no shield)
rNeg    . . .        a - +0 robe
rPois   +            (helmet unavailable)
rElec   .            (no cloak)
rCorr   .            (no gloves)
SInv    +            (no boots)
Will    .....        (no amulet)
Stlth   +            i - ring of poison resistance
HPRegen 0.25/turn    (no ring)
MPRegen 0.11/turn

%: no passive effects
@: confused
A: permanent stasis, dig shafts and tunnels, antennae 3, four strong arms
a: Dig, Shaft Self


You were on level 2 of the Dungeon.
You visited 1 branch of the dungeon, and saw 3 of its levels.

You collected 128 gold pieces.

Inventory:

Hand Weapons
 e - a +2 dagger of draining (weapon)
Armour
 a - a +0 robe (worn)
 l - a +0 ring mail
Jewellery
 i - a ring of poison resistance (left hand)
Scrolls
 c - 2 scrolls of vulnerability {unknown}
 f - a scroll of enchant armour {unknown}
 h - a scroll of blinking {unknown}
 k - a scroll of revelation {unknown}
 n - 3 scrolls of identify {unknown}
Potions
 b - a potion of magic
 d - a potion of berserk rage {unknown}
 g - a potion of lignification {unknown}
 j - a potion of heal wounds {unknown}
 m - 2 potions of resistance {unknown}


   Skills:
 + Level 1.7 Fighting
 - Level 1.7 Dodging
 - Level 2.4 Stealth
 + Level 2.8 Spellcasting
 * Level 4.9 Earth Magic
 - Level 2.0 Alchemy


You had 7 spell levels left.
You knew the following spells:

 Your Spells              Type           Power      Damage    Failure   Level
a - Sandblast             Erth           38%        2d10      2%          1

Your spell library contained the following spells:

 Spells                   Type           Power      Damage    Failure   Level
 Passwall                 Alch/Erth      11%        N/A       6%          2
 Stone Arrow              Conj/Erth      20%        3d8       19%         3
 Petrify                  Alch/Erth      14%        N/A       38%         4
 Brom's Barrelling Bould  Conj/Erth      10%        2d3       54%         4


Dungeon Overview and Level Annotations

Branches:
Dungeon (3/15)

Altars:

Annotations:
D:2 Ijyb, Natasha


Innate Abilities, Weirdness & Mutations

You cannot be hasted, slowed, berserked, paralysed or teleported.
You can dig through walls and to a lower floor.
You have a pair of large antennae on your head. (SInv)
Your four strong arms can wield two-handed weapons with a shield.


Message History

There are monsters nearby!
The helpless Natasha fails to defend herself.
You puncture Natasha!
Natasha is heavily wounded.
The endoplasm quivers.
Natasha claws you.
Ijyb shouts!
Unknown command.
The endoplasm quivers.
The adder hisses angrily.
The goblin shouts!
Ijyb zaps a wand.
Your will is overpowered!
You are confused.
Natasha completely misses you.
In your confused state, you trip and fall back down the stairs.
The endoplasm jiggles.
Ijyb hits you with a +0 dagger. Natasha claws you.
Unknown command.
Unknown command.
The endoplasm freezes you.
You are frozen.
Ijyb barely misses you. Natasha claws you.
You climb upwards.
There is a stone staircase leading down here.
Unknown command.
Unknown command.
Okay, then.
You're too confused to cast spells.
You bump into the rock wall.
Natasha claws you but does no damage. The endoplasm closely misses you.
Ijyb hits you with a +0 dagger.
Unknown command.
You closely miss Natasha.
Natasha is heavily wounded.
Natasha casts a spell at you. The magic dart hits you.
* * * LOW HITPOINT WARNING * * *
The endoplasm barely misses you. Ijyb hits you with a +0 dagger.
* * * LOW HITPOINT WARNING * * *
You bump into the rock wall.
Natasha claws you.
* * * LOW HITPOINT WARNING * * *
The endoplasm hits you.
You die...

##### ##########...###
#...............
###....#####....##
########.......# ##.#.##
#.......h#....## #....)
##.##....@J.#.## ###.##
##.......#g###.# #...
#.....####.....# ####
#...#.# #.###'## #
#...#.####.##...## #
#..........#..†..## ####
#..#..#####.<†....## ##.##
#.#...####.........####...#
#........'.........+.......


You could see Ijyb, Natasha and an endoplasm.

Vanquished Creatures
  2 adders (D:2)
  A worm (D:2)
  3 dart slugs (D:1)
  An orc (D:2)
  7 endoplasms
  3 hobgoblins
  7 jackals (D:2)
  A kobold (D:1)
  3 quokkas (D:1)
  3 ball pythons
  2 bats (D:1)
  2 frilled lizards
  3 goblins
  5 rats
43 creatures vanquished.

Notes
Turn   | Place    | Note
-------+----------+-------------------------------------------
     0 | D:1      | Bnni the Formicid Earth Elementalist began the quest for
                  | the Orb.
     0 | D:1      | Reached XP level 1. HP: 13/13 MP: 3/3
   159 | D:1      | Reached XP level 2. HP: 20/20 MP: 5/5
   224 | D:1      | Found a faded altar of an unknown god.
   296 | D:1      | Reached skill level 4 in Earth Magic
   481 | D:1      | Reached XP level 3. HP: 25/25 MP: 4/6
   482 | D:1      | Reached skill level 1 in Fighting
  1220 | D:2      | Reached XP level 4. HP: 14/32 MP: 2/8
  1900 | D:3      | Noticed Ijyb
  1900 | D:3      | Noticed Natasha
  1908 | D:2      | Slain by an endoplasm

Illustrated notes

Levels and vault maps discovered:
D:1:      reono_arrival_forest_river, layout_loops_ring,
          dreamdust_ecumenical_altar_hidden_monk_grotto,
          amcnicky_mini_pool_small, dk_noncrumbling_2,
          nicolae_twisty_statue_hallways
D:2:      layout_loops_corners, chequers_mini_garden
D:3:      layout_basic, nicolae_dithmenos_through_a_glass_darkly, uniq_ijyb,
          uniq_natasha

Skill      XL: |  1  2  3 |
---------------+----------+-----
Alchemy        | 2 |  2.0
Earth Magic    | 4 |  4.9
Fighting       | 1 |  1.7
Dodging        | |  1.7
Stealth        | |  2.4
Spellcasting   | |  2.8

Action                     |  1- 3 |  4- 6 || total
---------------------------+-------+-------++-------
  Melee: Dagger            |    20 |     4 ||    24
   Cast: Sandblast         |    35 |    12 ||    47
   Stab: Sleeping          |     3 |     1 ||     4
 Armour: Robe              |    23 |    14 ||    37
  Dodge: Dodged            |    20 |     9 ||    29

Table legend: (Time is in decaauts)
 A = Elapsed time spent in this place.
 B = Non-inter-level travel time spent in this place.
 C = Inter-level travel time spent in this place.
 D = Time resting spent in this place.
 E = Time spent auto-exploring this place.
 F = Levels seen in this place.
 G = Mean time per level.
                   A        B        C        D        E       F      G
               +--------+--------+--------+--------+--------+-----+--------+
         Total |   1948 |   1886 |     62 |     36 |   1510 |   3 |  649.3 |
       Dungeon |   1948 |   1886 |     62 |     36 |   1510 |   3 |  649.3 |
               +--------+--------+--------+--------+--------+-----+--------+

Top non-repeatable levels by time:
     D:2: 1101 daAuts
     D:1: 842 daAuts
     D:3: 4 daAuts
